 Dungeon Crawl Stone Soup version 0.22-a0-782-g038298e (webtiles) character file.

91 mopl the Vexing (level 4, 2/34 HPs)
             Began as a Gnoll Arcane Marksman on July 20, 2018.
             Quit the game on level 2 of the Dungeon.
             The game lasted 00:03:30 (1380 turns).

mopl the Vexing (Gnoll Arcane Marksman)             Turns: 1380, Time: 00:03:31

Health: 2/34       AC:  2    Str: 12    XL:     4   Next: 59%
Magic:  8/8        EV: 15    Int: 15    God:
Gold:   117        SH:  0    Dex: 17    Spells: 5/9 levels left

rFire    . . .     SeeInvis .   a - +0 shortbow
rCold    . . .     Gourm    .   (shield currently unavailable)
rNeg     . . .     Faith    .   e - +0 robe
rPois    .         Spirit   .   (no helmet)
rElec    .         Reflect  .   (no cloak)
rCorr    .         Harm     .   (no gloves)
MR       .....                  (no boots)
Stlth    ++........             (no amulet)
HPRegen  0.11/turn              (no ring)
MPRegen  0.11/turn              (no ring)

@: lethally poisoned (2 -> -2), drained
A: distributed training, fangs 1, strong nose
a: no special abilities


You were on level 2 of the Dungeon.
You were not hungry.

You visited 1 branch of the dungeon, and saw 2 of its levels.

You collected 117 gold pieces.

Inventory:

Hand Weapons
 a - a +0 shortbow (weapon)
 b - a +0 spear
 r - a +0 hunting sling
Missiles
 d - 13 arrows (quivered)
 i - 8 stones
 l - 17 poisoned needles
 t - 12 bolts
Armour
 e - a +0 robe (worn)
Scrolls
 c - 3 scrolls of identify {unknown}
 g - a scroll of enchant weapon {unknown}
 h - a scroll of noise {unknown}
 k - a scroll of teleportation {unknown}
 m - a scroll of remove curse {unknown}
 n - a scroll of fog {unknown}
 o - a scroll of random uselessness {unknown}
 p - a scroll of magic mapping {unknown}
 q - a scroll of fear {unknown}
Comestibles
 f - 2 rations
 s - a chunk of flesh


   Skills:
 + Level 2.7(2.6) Fighting
 + Level 1.1(1.0) Short Blades
 + Level 1.1(1.0) Long Blades
 + Level 1.1(1.0) Axes
 + Level 1.1(1.0) Maces & Flails
 + Level 1.1(1.0) Polearms
 + Level 1.1(1.0) Staves
 + Level 1.1(1.0) Slings
 + Level 4.6(4.5) Bows
 + Level 1.1(1.0) Crossbows
 + Level 1.1(1.0) Throwing
 + Level 1.1(1.0) Armour
 + Level 4.6(4.5) Dodging
 + Level 1.1(1.0) Stealth
 + Level 1.1(1.0) Shields
 + Level 1.1(1.0) Unarmed Combat
 + Level 3.0(2.8) Spellcasting
 + Level 0.9(0.7) Conjurations
 + Level 5.4(5.3) Hexes
 + Level 0.9(0.7) Charms
 + Level 0.9(0.7) Summonings
 + Level 0.9(0.7) Necromancy
 + Level 0.9(0.7) Translocations
 + Level 0.9(0.7) Transmutations
 + Level 0.9(0.7) Fire Magic
 + Level 0.9(0.7) Ice Magic
 + Level 0.9(0.7) Air Magic
 + Level 0.9(0.7) Earth Magic
 + Level 0.9(0.7) Poison Magic
 + Level 1.2(1.1) Invocations
 + Level 1.1(1.0) Evocations


You had 5 spell levels left.
You knew the following spells:

 Your Spells              Type           Power        Failure   Level  Hunger
a - Corona                Hex            ###....      2%          1    #......
f - Portal Projectile     Hex/Tloc       ##....       17%         3    ###....

Your spell library contained the following spells:

 Spells                   Type           Power        Failure   Level  Hunger
 Cause Fear               Hex            ###.......   22%         4    #####..
 Slow                     Hex            ###.....     3%          2    ##.....
 Leda's Liquefaction      Hex/Erth       ##........   50%         4    #####..
 Inner Flame              Hex/Fire       ##......     17%         3    ###....


Dungeon Overview and Level Annotations

Branches:
Dungeon (2/15)

Altars:


Innate Abilities, Weirdness & Mutations

Your experience applies equally to all skills.
You have very sharp teeth.
Your uncanny sense of smell can sniff out nearby items.


Message History

* * * LOW HITPOINT WARNING * * *
You feel sick.
Unknown command.
It was a potion of brilliance.
You feel clever all of a sudden.
* * * LOW HITPOINT WARNING * * *
You feel sick.
* * * LOW HITPOINT WARNING * * *
You feel sick.
Items here: ! ( ) [ a quarterstaff of chaos; a cloak; a viscous black potion; 5 arrows
j - a viscous black potion It was a potion of cancellation.
Your magical effects are unravelling.
You feel magically purged.
You feel a little less clever now.
* * * LOW HITPOINT WARNING * * *
You feel sick.
Okay, then.
Are you sure you want to abandon this character and quit the game? (Confirm with "yes".)

.#####.# .#
#.###### .#
#......# .#
######.# ## #.#
###########.######
#>......#........#
#..>....#.######.##
#.).....#.# #@.##
#.......#.# #(..##
#>......#.# #(...#
#.......#.###
#....#
#...........#
#.PP.#
..#..##.###.#
##...# ......#.#
#.# ##.##
..#.#.#.###†# ##.#
#### ............#
#.## #...


There were no monsters in sight!

Vanquished Creatures
  Crazy Yiuf (D:2)
  2 gnolls (D:1)
  An adder (D:2)
  A dart slug (D:1)
  A leopard gecko (D:2)
  2 bats (D:1)
  2 giant cockroaches (D:1)
  6 goblins (D:1)
  3 hobgoblins
  4 jackals (D:1)
  4 kobolds
  A frilled lizard (D:2)
  3 rats (D:1)
31 creatures vanquished.

Notes
Turn   | Place    | Note
-------+----------+-------------------------------------------
     0 | D:1      | mopl the Gnoll Arcane Marksman began the quest for the Orb.
     0 | D:1      | Reached XP level 1. HP: 17/17 MP: 4/4
    42 | D:1      | Reached XP level 2. HP: 12/23 MP: 5/5
   385 | D:1      | Reached XP level 3. HP: 18/28 MP: 5/7
   862 | D:1      | Reached skill level 1 in Invocations
  1045 | D:1      | Learned a level 3 spell: Portal Projectile
  1191 | D:2      | Reached skill level 1 in Short Blades
  1191 | D:2      | Reached skill level 1 in Long Blades
  1191 | D:2      | Reached skill level 1 in Axes
  1191 | D:2      | Reached skill level 1 in Maces & Flails
  1191 | D:2      | Reached skill level 1 in Polearms
  1191 | D:2      | Reached skill level 1 in Staves
  1191 | D:2      | Reached skill level 1 in Slings
  1191 | D:2      | Reached skill level 1 in Crossbows
  1191 | D:2      | Reached skill level 1 in Throwing
  1191 | D:2      | Reached skill level 1 in Armour
  1191 | D:2      | Reached skill level 1 in Stealth
  1191 | D:2      | Reached skill level 1 in Shields
  1191 | D:2      | Reached skill level 1 in Unarmed Combat
  1191 | D:2      | Reached skill level 1 in Evocations
  1249 | D:2      | Reached XP level 4. HP: 34/34 MP: 5/8
  1288 | D:2      | Found a runed door.
  1356 | D:2      | Noticed Crazy Yiuf
  1375 | D:2      | Killed Crazy Yiuf
  1375 | D:2      | Reached skill level 3 in Spellcasting
  1380 | D:2      | Quit the game

Vault maps used:
D:1:      eino_arrival_water_cross, serial_bayou_crossing
D:2:      lemuel_doored_altar, uniq_crazy_yiuf_cottage

Skill      XL: |  1  2  3  4 |
---------------+-------------+-----
Invocations    | 1 |  1.2
Short Blades   | 1 |  1.1
Long Blades    | 1 |  1.1
Axes           | 1 |  1.1
Maces & Flails | 1 |  1.1
Polearms       | 1 |  1.1
Staves         | 1 |  1.1
Slings         | 1 |  1.1
Crossbows      | 1 |  1.1
Throwing       | 1 |  1.1
Armour         | 1 |  1.1
Stealth        | 1 |  1.1
Shields        | 1 |  1.1
Unarmed Combat | 1 |  1.1
Evocations     | 1 |  1.1
Spellcasting   | 3 |  3.0
Fighting       | |  2.7
Bows           | |  4.6
Dodging        | |  4.6
Conjurations   | |  0.9
Hexes          | |  5.4
Charms         | |  0.9
Summonings     | |  0.9
Necromancy     | |  0.9
Translocations | |  0.9
Transmutations | |  0.9
Fire Magic     | |  0.9
Ice Magic      | |  0.9
Air Magic      | |  0.9
Earth Magic    | |  0.9
Poison Magic   | |  0.9

Action                   |  1- 3 |  4- 6 || total
-------------------------+-------+-------++-------
Melee: Spear             |    90 |       ||    90
       Bite              |     8 |       ||     8
 Fire: Shortbow          |    19 |     8 ||    27
Throw: Stone             |     2 |       ||     2
 Cast: Corona            |    20 |     1 ||    21
  Use: Potion            |       |     2 ||     2
 Stab: Sleeping          |     1 |       ||     1
  Eat: Chunk             |     1 |     1 ||     2
Armor: Robe              |    11 |       ||    11
Dodge: Dodged            |    70 |     2 ||    72

Table legend:
 A = Spawn XP
 B = Non-spawn XP
 C = Spawn XP percentage of total XP
 D = Spawn monster count
 E = Non-spawn monster count
 F = Spawn count percentage of total count
 G = Total turns spent on level
                    A         B        C        D         E        F      G
               +---------+---------+-------+---------+---------+-------+---------
         Total |       0 |     131 |   0.0 |       0 |      31 |   0.0 |  1380
               +---------+---------+-------+---------+---------+-------+---------
           D:1 |       0 |      71 |   0.0 |       0 |      25 |   0.0 |  1091
           D:2 |       0 |      60 |   0.0 |       0 |       6 |   0.0 |   289
               +---------+---------+-------+---------+---------+-------+---------
